 Dungeon Crawl Stone Soup version 0.29-a0-284-gf9362112df (webtiles) character file.

Game seed: 15997413911705112394

31 PimpSugar the Magician (level 3, -3/25 HPs)
             Began as a Demonspawn Hedge Wizard on Mar 24, 2022.
             Was a Follower of Makhleb.
             Slain by an adder (4 damage)
             ... on level 2 of the Dungeon.
             The game lasted 00:03:37 (1586 turns).

PimpSugar the Magician (Demonspawn Hedge Wizard)    Turns: 1586, Time: 00:03:38

Health: -3/25      AC:  2    Str:  9 (10) XL:     3   Next: 7%
Magic:  7/7        EV: 12    Int: 16 (17) God:    Makhleb [*.....]
Gold:   69         SH:  0    Dex: 10 (12) Spells: 5/8 levels left

rFire   . . .      SeeInvis .   i - +3 spear
rCold   . . .      Faith    .   (no shield)
rNeg    . . .      Spirit   .   b - +0 robe
rPois   .          Reflect  .   (helmet restricted)
rElec   .          Harm     .   (no cloak)
rCorr   .          Rampage  .   (no gloves)
Will    .....                   (no boots)
Stlth   ++........              (no amulet)
HPRegen 0.08/turn               (no ring)
MPRegen 0.10/turn               (no ring)

@: lethally poisoned (-3 -> -10)
A: antennae 1, powered by death 1
a: Renounce Religion


You were on level 2 of the Dungeon.
You worshipped Makhleb.
Makhleb was aware of your devotion.
You visited 1 branch of the dungeon, and saw 2 of its levels.

You collected 69 gold pieces.

Inventory:

Hand Weapons
 a - a +0 dagger
 i - a +3 spear (weapon)
Missiles
 f - 74 stones (quivered)
Armour
 b - a +0 robe (worn)
 c - a +0 hat
 e - a +0 helmet
Scrolls
 h - 2 scrolls of identify {unknown}
 l - a scroll of fog {unknown}
 n - a scroll of amnesia {unknown}
Potions
 j - a potion of haste {unknown}
 k - a potion of attraction {unknown}
 m - a potion of flight {unknown}
 o - a potion of brilliance {unknown}


   Skills:
 + Level 0.5 Fighting
 + Level 2.0 Dodging
 + Level 2.0 Stealth
 * Level 3.3 Spellcasting
 + Level 1.4 Conjurations
 + Level 1.2 Summonings
 + Level 1.1 Translocations


You had 5 spell levels left.
You knew the following spells:

 Your Spells              Type           Power      Damage    Failure   Level
a - Magic Dart            Conj           28%        1d4       10%         1
b - Call Imp              Summ           6%         N/A       17%         2

Your spell library contained the following spells:

 Spells                   Type           Power      Damage    Failure   Level
 Blink                    Tloc           12%        N/A       17%         2
 Slow                     Hex            8%         N/A       19%         1
 Conjure Flame            Conj/Fire      5%         6-21      36%         3
 Mephitic Cloud           Conj/Pois/Air  4%         N/A       41%         3


Dungeon Overview and Level Annotations

Branches:
Dungeon (2/15)

Altars:
Makhleb

Shops:
D:1 (


Innate Abilities, Weirdness & Mutations

You have a pair of small antennae on your head.
You regenerate a little health from kills.


Message History

You feel sick. The adder bites you.
You are more poisoned.
The adder poisons you! The adder barely misses you.
You miss the adder.
The adder is severely wounded.
You feel sick. The adder barely misses you.
You miss the adder.
The adder is severely wounded.
You feel sick. The adder misses you. The adder barely misses you.
You barely miss the adder.
The adder is severely wounded.
You feel sick. The adder bites you.
* * * LOW HITPOINT WARNING * * *
Casting: Magic Dart (safe; 10% risk of failure)
Confirm with . or Enter, or press ? or * to list all spells.
Aiming: Magic Dart (safe; 10% risk of failure)
Press: ? - help, Shift-Dir - straight line, f/p - adder
Aim: an adder (severely wounded, 100% to hit)
The magic dart hits the adder.
The adder is severely wounded.
You feel sick. The adder closely misses you. Magic courses through your body.
You feel sick. The adder barely misses you.
The adder bites you but does no damage.
Casting: Magic Dart (safe; 10% risk of failure)
Confirm with . or Enter, or press ? or * to list all spells.
Aiming: Magic Dart (safe; 10% risk of failure)
Press: ? - help, Shift-Dir - straight line, f/p - adder
Aim: an adder (severely wounded, 100% to hit)
The magic dart hits the adder.
The adder is almost dead.
You feel sick. The adder bites you.
* * * LOW HITPOINT WARNING * * *
You are lethally poisoned!
The adder poisons you!
It was a potion of degeneration.
There was something very wrong with that liquid.
You feel weakened.
You feel dopey.
You feel clumsy.
* * * LOW HITPOINT WARNING * * *
You feel sick. The adder bites you.
You die...

.......# ..####.# ..
#...# ### .. ###.#
..#
#.####.########.###
..................#
.#####.#..........#
...#)#####.#..#.####
#####.# #..@.......
#.#####.#S....#..
#.##....#.....#
#.##....##...##
#.##..#..#...#
#.##..#..##.##
#.##......#$#
#...)##...###
#######....#


You could see an adder.

Vanquished Creatures
  An adder (D:2)
  4 endoplasms
  A giant cockroach (D:2)
  2 hobgoblins
  2 jackals (D:2)
  A bat (D:1)
  4 frilled lizards
  3 kobolds
  A rat (D:1)
19 creatures vanquished.

Vanquished Creatures (collateral kills)
  2 jackals (D:2)
2 creatures vanquished.

Grand Total: 21 creatures vanquished

Notes
Turn   | Place    | Note
-------+----------+-------------------------------------------
     0 | D:1      | PimpSugar the Demonspawn Hedge Wizard began the quest for
                  | the Orb.
     0 | D:1      | Reached XP level 1. HP: 13/13 MP: 4/4
   310 | D:1      | Reached skill level 1 in Translocations
   593 | D:1      | Gained mutation: You have a pair of small antennae on your
                  | head. [demonic ancestry]
   593 | D:1      | Reached XP level 2. HP: 19/19 MP: 4/6
   596 | D:1      | Learned a level 2 spell: Call Imp
   850 | D:1      | Found Xumoczie's Weapon Boutique.
  1066 | D:2      | Found a faded altar of an unknown god.
  1092 | D:2      | Prayed at the altar of an unknown god.
  1092 | D:2      | Became a worshipper of Makhleb the Destroyer
  1092 | D:2      | Reached * piety under Makhleb
  1498 | D:2      | Gained mutation: You regenerate a little health from kills.
                  | [demonic ancestry]
  1498 | D:2      | Reached XP level 3. HP: 25/25 MP: 7/7
  1586 | D:2      | HP: 1/25 [poisoned by an adder]
  1586 | D:2      | Slain by an adder

Illustrated notes

Levels and vault maps discovered:
D:1:      nzn_arrival_water_spiral, layout_basic, serial_shops, shop
D:2:      layout_basic, basic_altar, hellmonk_ecumenical_altar_dog_temple,
          kennysheep_big_empty_room, minmay_unequal, uniq_sigmund

Skill      XL: |  1  2 |
---------------+-------+-----
Translocations | 1 |  1.1
Dodging        | 2 |  2.0
Stealth        | 2 |  2.0
Fighting       | |  0.5
Spellcasting   | |  3.3
Conjurations   | |  1.4
Summonings     | |  1.2

Action                   || total
-------------------------++-------
Melee: Dagger            ||     9
       Spear             ||    21
Throw: Stone             ||     2
 Cast: Magic Dart        ||    36
       Call Imp          ||     1
  Use: Potion            ||     2
 Stab: Sleeping          ||     1
Armor: Robe              ||     5
Dodge: Dodged            ||    18

Table legend: (Time is in decaauts)
 A = Elapsed time spent in this place.
 B = Non-inter-level travel time spent in this place.
 C = Inter-level travel time spent in this place.
 D = Time resting spent in this place.
 E = Time spent auto-exploring this place.
 F = Levels seen in this place.
 G = Mean time per level.
                   A        B        C        D        E       F      G
               +--------+--------+--------+--------+--------+-----+--------+
         Total |   1592 |   1542 |     50 |     23 |   1332 |   2 |  796.0 |
       Dungeon |   1592 |   1542 |     50 |     23 |   1332 |   2 |  796.0 |
               +--------+--------+--------+--------+--------+-----+--------+

Top non-repeatable levels by time:
     D:1: 1013 daAuts
     D:2: 578 daAuts
